SL
VANCOUVER GREY WOLVES @ LAS VEGAS FLAMINGOS
09/29/2019
 
TOP OF THE 1ST
Vancouver Grey Wolves batting - Pitching for Las Vegas Flamingos : LHP Allen Blair
Pitching: LHP Allen Blair
Batting: RHB John Huff 0-0: Ball
1-0: Ball
2-0: Swinging Strike
2-1: Ball
3-1: Foul Ball, location: 2F
3-2: Strikes out swinging
Batting: RHB Randolph Davis 0-0: Ball
1-0: Foul Ball, location: 2F
1-1: Ground out 6-3 (Groundball, 6M)
Batting: RHB Luis Muńóz 0-0: Called Strike
0-1: Ball
1-1: Fly out, F8 (Flyball, 89M)
Top of the 1st over - 0 run(s), 0 hit(s), 0 error(s), 0 left on base; Vancouver 0 - Las Vegas 0
BOTTOM OF THE 1ST
Las Vegas Flamingos batting - Pitching for Vancouver Grey Wolves : RHP Billy Crawford
Pitching: RHP Billy Crawford
Batting: RHB Bill Taylor 0-0: Fly out, F7 (Flyball, 7M)
Batting: RHB David Gómez 0-0: Ground out 1-3 (Groundball, 23)
Batting: LHB José Meléndez 0-0: Ball
1-0: Swinging Strike
1-1: Called Strike
1-2: Fly out, F5 (Popup, 56)
Bottom of the 1st over - 0 run(s), 0 hit(s), 0 error(s), 0 left on base; Vancouver 0 - Las Vegas 0
TOP OF THE 2ND
Vancouver Grey Wolves batting - Pitching for Las Vegas Flamingos : LHP Allen Blair
Batting: RHB Bertrand Sunter 0-0: Called Strike
0-1: Ball
1-1: Ball
2-1: Foul Ball, location: 2F
2-2: Ground out 5-3 (Groundball, 5S)
Batting: SHB Gregg Wagner 0-0: Ball
1-0: Foul Ball, location: 2F
1-1: Foul Ball, location: 2F
1-2: Ground out 1-3 (Groundball, 23)
Batting: SHB Dustin Tucker 0-0: Ball
1-0: Foul Ball, location: 2F
1-1: Swinging Strike
1-2: Strikes out swinging
Top of the 2nd over - 0 run(s), 0 hit(s), 0 error(s), 0 left on base; Vancouver 0 - Las Vegas 0
BOTTOM OF THE 2ND
Las Vegas Flamingos batting - Pitching for Vancouver Grey Wolves : RHP Billy Crawford
Batting: RHB Jeff Young 0-0: Ball
1-0: Foul Ball, location: 2F
1-1: Swinging Strike
1-2: Strikes out swinging
Batting: RHB Terry Sylvester 0-0: Ball
1-0: Ball
2-0: Called Strike
2-1: Ball
3-1: Foul Ball, location: 2F
3-2: Base on Balls
Batting: RHB Steven Talley 0-0: Ball
Terry Sylvester steals 2nd base
1-0: Swinging Strike
1-1: Ball
2-1: Ball
3-1: Foul Ball, location: 2F
3-2: Ground out 5-3 (Groundball, 5)
Batting: RHB Matt Sheppard 0-0: Ball
1-0: SINGLE (Line Drive, 34D)
Terry Sylvester to third
Runner from 3rd tries for Home, SAFE, no throw or cutoff
Batting: RHB Bill Childers 0-0: SINGLE (Groundball, 56D)
Matt Sheppard to second
Batting: RHB Allen Blair 0-0: Ball
1-0: Ball
2-0: Called Strike
2-1: SINGLE (Line Drive, 4D)
Matt Sheppard to third
Bill Childers to second
Runner from 3rd tries for Home, SAFE, no throw or cutoff
Batting: RHB Bill Taylor 0-0: SINGLE (Groundball, 56D)
Bill Childers to third
Allen Blair to second
Runner from 3rd tries for Home, SAFE, no throw or cutoff
Batting: RHB David Gómez 0-0: SINGLE (Line Drive, 4)
Allen Blair to third
Bill Taylor to second
Runner from 3rd tries for Home, SAFE, no throw or cutoff
Batting: LHB José Meléndez 0-0: Called Strike
0-1: Ball
1-1: DOUBLE (Line Drive, 7LM)
Bill Taylor scores
David Gómez to third
Runner from 3rd tries for Home, throw and OUT!
Bottom of the 2nd over - 5 run(s), 6 hit(s), 0 error(s), 1 left on base; Vancouver 0 - Las Vegas 5
TOP OF THE 3RD
Vancouver Grey Wolves batting - Pitching for Las Vegas Flamingos : LHP Allen Blair
Batting: RHB Forest Simmons 0-0: Ball
1-0: SINGLE (Groundball, 5D)
Batting: RHB Dave Knight 0-0: Swinging Strike
0-1: Foul Ball, location: 2F
0-2: Ground out 5-3 (Groundball, 5S)
Forest Simmons to second
Pinch Hitting: RHB Greg Robinson 0-0: Called Strike
0-1: Ball
1-1: Ball
2-1: Ball
3-1: Foul Ball, location: 2F
3-2: Base on Balls
Batting: RHB John Huff 0-0: Ball
1-0: Swinging Strike
1-1: Foul Ball, location: 2F
1-2: Ball
2-2: 3-RUN HOME RUN (Flyball, 7D), Distance : 387 ft
Batting: RHB Randolph Davis 0-0: Ball
1-0: Ball
2-0: Ground out 6-3 (Groundball, 56)
Batting: RHB Luis Muńóz 0-0: Called Strike
0-1: Fly out, F4 (Popup, 4D)
Top of the 3rd over - 3 run(s), 2 hit(s), 0 error(s), 0 left on base; Vancouver 3 - Las Vegas 5
BOTTOM OF THE 3RD
Las Vegas Flamingos batting - Pitching for Vancouver Grey Wolves : RHP Billy Crawford
Pitching: RHP Myron Johnson
Batting: RHB Jeff Young 0-0: Called Strike
0-1: Ball
1-1: Fly out, F4 (Line Drive, 4)
Batting: RHB Terry Sylvester 0-0: Called Strike
0-1: Ball
1-1: Fly out, F7 (Flyball, 78D)
Batting: RHB Steven Talley 0-0: Called Strike
0-1: Fly out, F8 (Flyball, 8RS)
Bottom of the 3rd over - 0 run(s), 0 hit(s), 0 error(s), 0 left on base; Vancouver 3 - Las Vegas 5
TOP OF THE 4TH
Vancouver Grey Wolves batting - Pitching for Las Vegas Flamingos : LHP Allen Blair
Batting: RHB Bertrand Sunter 0-0: Ball
1-0: Fly out, F7 (Flyball, 7M)
Batting: SHB Gregg Wagner 0-0: Called Strike
0-1: Called Strike
0-2: Ground out 6-3 (Groundball, 6)
Batting: SHB Dustin Tucker 0-0: Ball
1-0: Ball
2-0: Called Strike
2-1: Ball
3-1: Called Strike
3-2: Foul Ball, location: 2F
3-2: Strikes out looking
Top of the 4th over - 0 run(s), 0 hit(s), 0 error(s), 0 left on base; Vancouver 3 - Las Vegas 5
BOTTOM OF THE 4TH
Las Vegas Flamingos batting - Pitching for Vancouver Grey Wolves : RHP Myron Johnson
Batting: RHB Matt Sheppard 0-0: Ball
1-0: Ball
2-0: Called Strike
2-1: Foul Ball, location: 2F
2-2: Ball
3-2: Ground out 4-3 (Groundball, 4)
Batting: RHB Bill Childers 0-0: Ball
1-0: Called Strike
1-1: Ball
2-1: Foul Ball, location: 2F
2-2: Ball
3-2: Foul Ball, location: 2F
3-2: Foul Ball, location: 2F
3-2: Ground out 6-3 (Groundball, 6)
Batting: RHB Allen Blair 0-0: Foul Ball, location: 2F
0-1: Ground out 4-3 (Groundball, 4M)
Bottom of the 4th over - 0 run(s), 0 hit(s), 0 error(s), 0 left on base; Vancouver 3 - Las Vegas 5
TOP OF THE 5TH
Vancouver Grey Wolves batting - Pitching for Las Vegas Flamingos : LHP Allen Blair
Batting: RHB Forest Simmons 0-0: DOUBLE (Flyball, 89M)
Batting: RHB Dave Knight 0-0: Called Strike
0-1: Called Strike
0-2: Ball
1-2: Ball
2-2: Foul Ball, location: 2F
2-2: Strikes out swinging
Batting: RHB Myron Johnson 0-0: Ball
1-0: Ball
2-0: Ball
3-0: Called Strike
3-1: Foul Ball, location: 2F
3-2: Foul Ball, location: 2F
3-2: Ground out 4-3 (Groundball, 4)
Forest Simmons to third
Batting: RHB John Huff 0-0: Ball
1-0: Ball
2-0: Called Strike
2-1: Swinging Strike
2-2: Ball
3-2: Strikes out swinging
Top of the 5th over - 0 run(s), 1 hit(s), 0 error(s), 1 left on base; Vancouver 3 - Las Vegas 5
BOTTOM OF THE 5TH
Las Vegas Flamingos batting - Pitching for Vancouver Grey Wolves : RHP Myron Johnson
Batting: RHB Bill Taylor 0-0: Ball
1-0: Ball
2-0: Ball
3-0: Called Strike
3-1: SINGLE (Flyball, 4MD)
Pitching: LHP Pat Horton
Batting: RHB David Gómez 0-0: Foul Ball, location: 2F
0-1: Ball
1-1: Called Strike
1-2: Ball
2-2: Foul Ball, location: 2F
2-2: Ball
3-2: Reached on error, E5 (Groundball, 5S)
Bill Taylor to second
Batting: LHB José Meléndez 0-0: Called Strike
0-1: Swinging Strike
0-2: Ball
1-2: Foul Ball, location: 2F
1-2: Ground out U3 (Groundball, 3S)
Bill Taylor to third
David Gómez to second
Batting: RHB Jeff Young 0-0: DOUBLE (Line Drive, 3D)
Bill Taylor scores
David Gómez scores
Batting: RHB Terry Sylvester 0-0: Ball
1-0: Swinging Strike
1-1: Foul Ball, location: 2F
1-2: Ball
2-2: Strikes out swinging
Batting: RHB Steven Talley 0-0: Ground out 4-3 (Groundball, 4)
Bottom of the 5th over - 2 run(s), 2 hit(s), 1 error(s), 1 left on base; Vancouver 3 - Las Vegas 7
TOP OF THE 6TH
Vancouver Grey Wolves batting - Pitching for Las Vegas Flamingos : LHP Allen Blair
Batting: RHB Randolph Davis 0-0: Called Strike
0-1: DOUBLE (Line Drive, 78D)
Batting: RHB Luis Muńóz 0-0: Ground out 5-3 (Groundball, 5)
Batting: RHB Bertrand Sunter 0-0: SINGLE (Groundball, 56D)
Randolph Davis to third
Runner from 3rd tries for Home, SAFE, throw made home
Pitching: RHP Erik Davis
Now in LF: Bill Becker
Batting: SHB Gregg Wagner 0-0: Fielders Choice at 2nd, 1-6 (Groundball, 15)
Batting: SHB Dustin Tucker 0-0: Called Strike
Gregg Wagner steals 2nd base
0-1: Swinging Strike
0-2: Ball
1-2: Ball
2-2: Foul Ball, location: 2F
2-2: Ball
3-2: Foul Ball, location: 2F
3-2: Foul Ball, location: 2F
3-2: SINGLE (Groundball, 13S) (infield hit)
Gregg Wagner to third
Batting: RHB Forest Simmons 0-0: Ball
1-0: Foul Ball, location: 2F
1-1: Foul Ball, location: 2F
1-2: Ball
2-2: Fly out, F8 (Flyball, 8RM)
Top of the 6th over - 1 run(s), 3 hit(s), 0 error(s), 2 left on base; Vancouver 4 - Las Vegas 7
BOTTOM OF THE 6TH
Las Vegas Flamingos batting - Pitching for Vancouver Grey Wolves : LHP Pat Horton
Pitching: RHP Steve Ward
Now at C: Tom Carlson
Batting: RHB Matt Sheppard 0-0: Ball
1-0: Ground out 2-3 (Groundball, 2L)
Batting: RHB Bill Childers 0-0: Called Strike
Single, Error in OF, E7, batter to second base
Batting: SHB Bill Becker 0-0: Ball
1-0: Ball
2-0: SINGLE (Flyball, 8LS)
Bill Childers to third
Runner from 3rd tries for Home, SAFE, no throw or cutoff
Batting: RHB Bill Taylor 0-0: Ball
1-0: Called Strike
1-1: Ball
2-1: Called Strike
2-2: Grounds into double play, 4-6-3 (Groundball, 4)
Bottom of the 6th over - 1 run(s), 2 hit(s), 1 error(s), 0 left on base; Vancouver 4 - Las Vegas 8
TOP OF THE 7TH
Vancouver Grey Wolves batting - Pitching for Las Vegas Flamingos : RHP Erik Davis
Batting: RHB Dave Knight 0-0: Ball
1-0: Foul Ball, location: 2F
1-1: Ground out 4-3 (Groundball, 4)
Batting: RHB Tom Carlson 0-0: Ball
Error on foul ball, E7
1-1: Ball
2-1: SOLO HOME RUN (Flyball, 78XD), Distance : 440 ft
Batting: RHB John Huff 0-0: Ball
1-0: Foul Ball, location: 2F
1-1: Ball
2-1: Fly out, F3 (Popup, 3F)
Batting: RHB Randolph Davis 0-0: Ball
1-0: Swinging Strike
1-1: Fly out, F3 (Popup, 3F)
Top of the 7th over - 1 run(s), 1 hit(s), 1 error(s), 0 left on base; Vancouver 5 - Las Vegas 8
BOTTOM OF THE 7TH
Las Vegas Flamingos batting - Pitching for Vancouver Grey Wolves : RHP Steve Ward
Pinch Hitting: SHB Stephen Baldwin 0-0: Ball
1-0: Ball
2-0: Called Strike
2-1: Swinging Strike
2-2: SOLO HOME RUN (Flyball, 7LD), Distance : 350 ft
Pitching: RHP Javier Peralta
Batting: LHB José Meléndez 0-0: Ball
1-0: Foul Ball, location: 2F
1-1: Ball
2-1: Foul Ball, location: 2F
2-2: SINGLE (Groundball, 56D)
Batting: RHB Jeff Young 0-0: Ball
1-0: Called Strike
1-1: Ball
2-1: Ball
3-1: Grounds into double play, 1-6-3 (Groundball, 15)
Batting: RHB Terry Sylvester 0-0: Foul Ball, location: 2F
0-1: SOLO HOME RUN (Flyball, 7D), Distance : 377 ft
Batting: RHB Steven Talley 0-0: Ball
1-0: Foul Ball, location: 2F
1-1: Hit by Pitch
Batting: RHB Matt Sheppard 0-0: Called Strike
0-1: Called Strike
0-2: Ground out 1-3 (Groundball, 13)
Bottom of the 7th over - 2 run(s), 3 hit(s), 0 error(s), 1 left on base; Vancouver 5 - Las Vegas 10
TOP OF THE 8TH
Vancouver Grey Wolves batting - Pitching for Las Vegas Flamingos : RHP Erik Davis
Pitching: RHP Bob Warford
Batting: RHB Luis Muńóz 0-0: Ground out 4-3 (Groundball, 4)
Batting: RHB Bertrand Sunter 0-0: SINGLE (Line Drive, 56)
Batting: SHB Gregg Wagner 0-0: Ball
1-0: Ball
2-0: Ball
3-0: Base on Balls
Bertrand Sunter to second
Pinch Hitting: LHB Felipe López 0-0: Ball
1-0: Called Strike
1-1: Called Strike
1-2: Ball
2-2: Fly out, F7 (Flyball, 78S)
Batting: RHB Forest Simmons 0-0: Called Strike
0-1: Ball
1-1: Swinging Strike
1-2: Strikes out swinging
Top of the 8th over - 0 run(s), 1 hit(s), 0 error(s), 2 left on base; Vancouver 5 - Las Vegas 10
BOTTOM OF THE 8TH
Las Vegas Flamingos batting - Pitching for Vancouver Grey Wolves : RHP Javier Peralta
Pitching: RHP Dave Hindman
Batting: RHB Bill Childers 0-0: Ball
1-0: Swinging Strike
1-1: Ball
2-1: Ball
3-1: Base on Balls
Batting: SHB Bill Becker 0-0: Fielders Choice at 2nd, 6-4 (Groundball, 6M)
Batting: RHB Bill Taylor 0-0: Ball
1-0: Foul Ball, location: 2F
1-1: Fly out, F5 (Popup, 56S)
Pinch Hitting: RHB Pablo Lugo 0-0: Ball
Error on foul ball, E3
1-1: Ball
2-1: Called Strike
2-2: Foul Ball, location: 2F
2-2: Fly out, F8 (Flyball, 8RM)
Bottom of the 8th over - 0 run(s), 0 hit(s), 1 error(s), 1 left on base; Vancouver 5 - Las Vegas 10
TOP OF THE 9TH
Vancouver Grey Wolves batting - Pitching for Las Vegas Flamingos : RHP Bob Warford
Pitching: RHP Augusto Dávila
Batting: RHB Dave Knight 0-0: Foul Ball, location: 2F
0-1: Ball
1-1: Ball
2-1: Ball
3-1: Foul Ball, location: 2F
3-2: SINGLE (Line Drive, 34D)
Batting: RHB Tom Carlson 0-0: Called Strike
0-1: Grounds into double play, 6-4-3 (Groundball, 6)
Batting: RHB John Huff 0-0: SINGLE (Groundball, 5L)
Batting: RHB Randolph Davis 0-0: Ball
1-0: Called Strike
1-1: Foul Ball, location: 2F
1-2: Ball
2-2: Strikes out swinging
Top of the 9th over - 0 run(s), 2 hit(s), 0 error(s), 1 left on base; Vancouver 5 - Las Vegas 10
This league is powered by Out of the Park Baseball, the baseball management simulation game for PC, Mac and Linux
Saturday, July 25th, 2015 - OOTP Baseball 15.6 Build 34